cohdb
Replays
Latest Replays
All Replays
Popular Replays
Top Player Replays
Match Explorer
How It Works
Community
CoH3 Stats
Reddit
Sign in to upload your games and track your stats! →
Sign in with Steam
Match 41778937
Unlisted
Match 41778937
Overview
Messages
Build Orders
End
Construct Infanterie Kompanie
Kettenkrad Recon Vehicle
Selects Italian Coastal Battlegroup
Selects Coastal Reserves
MG 42 Machine Gun Team
GrW 34 Mortar Team
GrW 34 Mortar Team
Coastal Reserve
Selects Artillery Officer
Coastal Reserve
Coastal Reserve
Construct Panzergrenadier Kompanie
Medical Station
Infanterie Officer Quarters
MG 42 Bunker
MG 42 Bunker
Coastal Reserve
Coastal Reserve
Selects Obice da 210/22 Artillery Emplacement
Selects Support Bunkers
Selects Designated Artillery Overwatch
Zoikum
cobra delta
$teenzor
Elbehiri
Thomas
Dawes
YoSleepy
Rudis Bua
0
0
Comments
sign in to comment!
No comments posted yet!